 Dungeon Crawl Stone Soup version 0.26.0-16-gc1dbca0489 (webtiles) character file.

Game seed: 7361132953959966454

86 Eitelfritz the Shield-Bearer (level 4, -13/40 HPs)
             Began as a Hill Orc Fighter on Jan 17, 2021.
             Mangled by an orc warrior
             ... wielding a +0 hand axe
              (16 damage)
             ... on level 1 of the Dungeon.
             The game lasted 00:04:04 (1541 turns).

Eitelfritz the Shield-Bearer (Hill Orc Fighter)     Turns: 1541, Time: 00:04:04

Health: -13/40     AC:  7    Str: 19    XL:     4   Next: 50%
Magic:  4/4        EV:  7    Int:  8    God:
Gold:   66         SH:  9    Dex: 10    Spells: 3/3 levels left

rFire    . . .     SeeInvis .   a - +0 long sword
rCold    . . .     Faith    .   c - +0 kite shield
rNeg     . . .     Spirit   .   b - +0 scale mail
rPois    .         Reflect  .   (no helmet)
rElec    .         Harm     .   (no cloak)
rCorr    .         Rampage  .   (no gloves)
Will     .....                  (no boots)
Stlth    ..........             (no amulet)
HPRegen  0.13/turn              (no ring)
MPRegen  0.09/turn              (no ring)

@: mighty
A: no striking features
a: no special abilities


You were on level 1 of the Dungeon.
You visited 1 branch of the dungeon, and saw 2 of its levels.

You collected 66 gold pieces.

Inventory:

Hand Weapons
 a - a +0 long sword (weapon)
Missiles
 i - 20 sling bullets
Armour
 b - a +0 scale mail (worn)
 c - a +0 kite shield (worn)
Jewellery
 k - a +6 ring of strength {unknown}
 m - an uncursed amulet of reflection {unknown}
Scrolls
 e - a scroll of teleportation {unknown}
 g - 2 scrolls of identify {unknown}
 j - 2 scrolls of immolation {unknown}
 l - a scroll of remove curse {unknown}
Potions
 f - a potion of mutation {unknown}
 h - a potion of degeneration {unknown}
 n - a potion of haste {unknown}


   Skills:
 + Level 3.9 Fighting
 + Level 3.3 Long Blades
 + Level 3.8 Armour
 + Level 0.6 Dodging
 + Level 4.1 Shields


You had 3 spell levels left.
You didn't know any spells.
Your spell library was empty.

Dungeon Overview and Level Annotations

Branches:
Dungeon (2/15)

Altars:


Message History

You block the orc warrior's attack.
You feel very mighty all of a sudden.
The orc warrior hits you with a +0 hand axe!
* * * LOW HITPOINT WARNING * * *
You barely miss the orc warrior.
The orc warrior hits you with a +0 hand axe.
* * * LOW HITPOINT WARNING * * *
You block the orc warrior's attack.
Unknown command.
You barely miss the orc warrior. You block the orc warrior's attack.
You barely miss the orc warrior. You block the orc warrior's attack.
You closely miss the orc warrior.
The orc warrior hits you but does no damage.
You slash the orc warrior!
The orc warrior is moderately wounded.
You block the orc warrior's attack.
You closely miss the orc warrior.
The orc warrior is moderately wounded.
The orc warrior hits you with a +0 hand axe!
You die...

##.#..#.#.##..#
##.#.<#.#.##..#####
##.####.#.##..#...##
.†......#.##.......##
..#######...........#
#########...........#
..# #...........#
#.#######..........##
..............#.@o##
..)......##########
.........# ........##
..).....# .#)######
.#.# .#.#
.#.############


You could see an orc warrior.

Vanquished Creatures
  2 adders (D:2)
  An ooze (D:1)
  A worm (D:2)
  3 dart slugs
  2 leopard geckos
  A ball python (D:1)
  9 bats
  2 giant cockroaches (D:1)
  5 goblins (D:1)
  8 hobgoblins
  2 jackals (D:1)
  A quokka (D:2)
  A frilled lizard (D:1)
  8 kobolds
  5 rats
51 creatures vanquished.

Notes
Turn   | Place    | Note
-------+----------+-------------------------------------------
     0 | D:1      | Eitelfritz the Hill Orc Fighter began the quest for the
                  | Orb.
     0 | D:1      | Reached XP level 1. HP: 19/19 MP: 1/1
   147 | D:1      | Reached XP level 2. HP: 22/27 MP: 2/2
   434 | D:1      | Reached XP level 3. HP: 30/33 MP: 3/3
   559 | D:1      | Reached skill level 4 in Shields
  1150 | D:2      | Reached XP level 4. HP: 33/40 MP: 4/4
  1456 | D:2      | Noticed an orc warrior
  1536 | D:1      | HP: 2/40 [orc warrior/+0 hand axe (3)]
  1541 | D:1      | Mangled by an orc warrior

Illustrated notes

Levels and vault maps discovered:
D:1:      zelgadis_glass_arrival_small, layout_rooms, minmay_pentomino_o4
D:2:      layout_basic

Skill      XL: |  1  2  3 |
---------------+----------+-----
Shields        | 4 |  4.1
Long Blades    | 3 |  3.3
Fighting       | |  3.9
Armour         | |  3.8
Dodging        | |  0.6

Action                   |  1- 3 |  4- 6 || total
-------------------------+-------+-------++-------
Melee: Long sword        |   154 |    40 ||   194
  Use: Potion            |       |     1 ||     1
Armor: Scale mail        |    86 |    21 ||   107
Dodge: Dodged            |    41 |    11 ||    52
Block: Kite shield       |   107 |    26 ||   133
       Rpst.: Long sword |     9 |     6 ||    15
